 Dungeon Crawl Stone Soup version 0.29-a0-821-g66395355a5 (webtiles) character file.

Game seed: 301523486357392765

470 Shayle the Covert (level 7, -3/64 HPs)
             Began as a Naga Brigand on July 8, 2022.
             Slain by an orc warrior
             ... wielding a +0 great sword
              (15 damage)
             ... on level 5 of the Dungeon.
             The game lasted 00:13:16 (3406 turns).

Shayle the Covert (Naga Brigand)                    Turns: 3406, Time: 00:13:16

Health: -3/64      AC:  9    Str: 13    XL:     7   Next: 9%
Magic:  11/11      EV:  8    Int: 12    God:
Gold:   157        SH:  0    Dex: 16    Spells: 12/12 levels left

rFire   + . .      SeeInvis +   a - +2 dagger
rCold   . . .      Faith    .   (no shield)
rNeg    . . .      Spirit   .   j - +0 ring mail
rPois   +          Reflect  .   (no helmet)
rElec   .          Harm     .   c - +0 cloak
rCorr   .          Rampage  .   f - +2 pair of gloves
Will    .....                   (no barding)
Stlth   +++.......              (no amulet)
HPRegen 0.20/turn               (no ring)
MPRegen 0.12/turn               (no ring)

@: short of breath, very slow
A: AC +2, large, see invisible, deformed body, poison resistance, slowness 2,
spit poison 1, naga tail 1, agile 1, fire resistance 1
a: Spit Poison


You were on level 5 of the Dungeon.
You visited 1 branch of the dungeon, and saw 5 of its levels.

You collected 157 gold pieces.

Inventory:

Hand Weapons
 a - a +2 dagger (weapon)
Missiles
 d - 12 poisoned darts (quivered)
 h - a curare-tipped dart
Armour
 b - a +0 robe
 c - a +0 cloak (worn)
 f - a +2 pair of gloves (worn)
 j - a +0 ring mail (worn)
 l - a +1 leather armour of poison resistance
Scrolls
 p - 2 scrolls of teleportation
 q - 2 scrolls of enchant weapon {unknown}
 r - a scroll of identify
Potions
 e - a potion of flight {unknown}
 g - a potion of brilliance
 i - a potion of mutation
 k - 3 potions of haste
 m - 2 potions of attraction


   Skills:
 + Level 4.1 Fighting
 - Level 2.0 Short Blades
 - Level 1.7 Throwing
 + Level 2.4 Armour
 - Level 0.7 Dodging
 + Level 8.1 Stealth
 + Level 3.1 Spellcasting


You had 12 spell levels left.
You didn't know any spells.
Your spell library contained the following spells:

 Spells                   Type           Power      Damage    Failure   Level
 Animate Dead             Necr           1%         N/A       99%         4
 Corpse Rot               Necr/Pois/Air  1%         N/A       99%         4
 Dispel Undead            Necr           1%         3d6       99%         4
 Borgnjor's Vile Clutch   Necr/Erth      0%         N/A       100%        5
 Death Channel            Necr           0%         N/A       100%        6
 Borgnjor's Revivificati  Necr           0%         N/A       100%        8
 Necromutation            Tmut/Necr      0%         N/A       100%        8
 Death's Door             Necr           0%         N/A       100%        9


Dungeon Overview and Level Annotations

Branches:
Dungeon (5/15)
 Temple: D:4-7

Altars:
Dithmenos
Okawaru

Annotations:
D:5 2 transporters, flotson's ghost, weakling DsDe


Innate Abilities, Weirdness & Mutations

Your serpentine skin is tough. (AC +2)
You have supernaturally acute eyesight. (SInv)
Armour fits poorly on your strangely shaped body.
Your system is resistant to poisons. (rPois)
You cover ground very slowly.
You can spit poison.
You have a snake-like lower body.
You are agile. (Dex +4, Str/Int -1)
Your flesh is heat resistant. (rF+)


Message History

The gnoll is moderately wounded.
Your surroundings suddenly seem different.
An orc warrior and a jelly come into view.
The orc warrior shouts!
Found 6 stones.
Aiming: Spit Poison (1% risk of failure)
Press: ? - help, Shift-Dir - straight line, f - orc warrior
Aim: an orc warrior, wielding a +0 great sword and wearing a +0 plate armour (59% to hit)
The splash of poison hits the orc warrior.
The orc warrior is lightly wounded.
Throw: 13 darts (poison)
Press: ? - help, Q - select action, (/) - cycle Shift-Dir - straight line, f/p - orc warrior
Aim: an orc warrior, wielding a +0 great sword and wearing a +0 plate armour (lightly wounded, 62% to hit)
You throw a poisoned dart. The poisoned dart hits the orc warrior.
The orc warrior is poisoned.
The orc warrior is lightly wounded.
You hit the orc warrior but do no damage.
The orc warrior is lightly wounded.
The orc warrior barely misses you.
You hit the orc warrior but do no damage.
The orc warrior is lightly wounded.
The orc warrior hits you with a +0 great sword!
* * * LOW HITPOINT WARNING * * *
You hit the orc warrior.
The orc warrior is lightly wounded.
You have got your breath back.
The orc warrior hits you with a +0 great sword!
* * * LOW HITPOINT WARNING * * *
Unknown command.
Aiming: Spit Poison (1% risk of failure)
Press: ? - help, Shift-Dir - straight line, f/p - orc warrior
Aim: an orc warrior, wielding a +0 great sword and wearing a +0 plate armour (lightly wounded, poisoned, 59% to hit)
The splash of poison hits the orc warrior.
The orc warrior looks even sicker.
The orc warrior is moderately wounded.
The orc warrior barely misses you.
Okay, then.
You feel better.
The orc warrior hits you with a +0 great sword!
You die...

..gg.#...###..#
##.###...#
.g.#...##.#..##
##.#.#..##
#####.####.#.#
##......# #.#
#....# ####...#
#.# #.###.###
#...# #.# .##
#... ....# #...
# #.## .##.# ##
#. #..# . .# #.#
##@.# # #.#
##o#.#
####.###(##.#
(.......###.####
######..........
#..#...####
#.o....#
##.......#
#........#


You could see an orc warrior (very poisoned).

Vanquished Creatures
  Pargi (D:4)
  2 scorpions
  2 hounds (D:4)
  2 orc priests (D:5)
  An iguana (D:4)
  A gnoll (D:5)
  2 adders (D:2)
  2 worms
  3 dart slugs
  5 orcs
  5 ball pythons
  5 endoplasms
  3 giant cockroaches
  8 goblins
  8 hobgoblins
  4 jackals
  3 quokkas
  4 bats
  4 frilled lizards
  6 kobolds
  2 rats (D:1)
73 creatures vanquished.

Vanquished Creatures (collateral kills)
  A goblin (D:1)
  A frilled lizard (D:1)
2 creatures vanquished.

Grand Total: 75 creatures vanquished

Notes
Turn   | Place    | Note
-------+----------+-------------------------------------------
     0 | D:1      | Shayle the Naga Brigand began the quest for the Orb.
     0 | D:1      | Reached XP level 1. HP: 19/19 MP: 1/1
   103 | D:1      | Reached skill level 6 in Stealth
   213 | D:1      | Reached XP level 2. HP: 26/26 MP: 2/2
   562 | D:1      | Reached skill level 1 in Spellcasting
   633 | D:1      | Reached XP level 3. HP: 33/33 MP: 4/4
  1226 | D:2      | Found a faded altar of an unknown god.
  1350 | D:2      | Reached XP level 4. HP: 40/40 MP: 6/6
  1850 | D:3      | Found an iron altar of Okawaru.
  2225 | D:4      | Noticed Pargi
  2226 | D:4      | Noticed a scorpion
  2238 | D:4      | Killed a scorpion
  2239 | D:4      | Reached skill level 1 in Armour
  2239 | D:4      | Reached skill level 7 in Stealth
  2239 | D:4      | Reached XP level 5. HP: 38/49 MP: 6/8
  2241 | D:4      | Killed Pargi
  2242 | D:4      | Reached XP level 6. HP: 42/56 MP: 6/9
  2360 | D:4      | Found a shadowy altar of Dithmenos.
  2870 | D:5      | Entered Level 5 of the Dungeon
  2901 | D:5      | Gained mutation: You are agile. (Dex +4, Str/Int -1)
                  | [potion of mutation]
  2901 | D:5      | Gained mutation: Your flesh is heat resistant. (rF+)
                  | [potion of mutation]
  2912 | D:5      | Reached skill level 8 in Stealth
  2912 | D:5      | HP: 2/57 [orc/+0 hand axe (5)]
  3219 | D:5      | Reached XP level 7. HP: 64/64 MP: 11/11
  3255 | D:5      | Found a transporter.
  3304 | D:5      | Found a transporter.
  3330 | D:5      | Noticed flotson's ghost (weakling DsDe)
  3406 | D:5      | Slain by an orc warrior

Illustrated notes

Levels and vault maps discovered:
D:1:      roderic_chinese_lattice_arrival, layout_basic,
          chequers_serial_rivers_micro_c, st_stairs_11, minmay_misc_feat_plants
D:2:      layout_rooms, hellmonk_ecumenical_altar_inner_sanctum
D:3:      layout_rooms, mainiacjoe_overflow_alcove_1, nrook_loot_triangle,
          kennysheep_cluttered_room, chequers_serial_rivers_room_a
D:4:      layout_rooms, nicolae_dithmenos_shadow_blocks, uniq_pargi
D:5:      layout_loops_ring, grunt_gozag_breadcrumbs, temple_fountains,
          gammafunk_ghost_abyssal_escape, kennysheep_big_empty_room,
          sword_in_stone

Skill      XL: |  1  2  3  4  5  6 |
---------------+-------------------+-----
Stealth        | 6 7 8 |  8.1
Spellcasting   | 1 2 3 |  3.1
Fighting       | 3 4 |  4.1
Armour         | 1 2 |  2.4
Short Blades   | |  2.0
Throwing       | |  1.7
Dodging        | |  0.7

Action                   |  1- 3 |  4- 6 |  7- 9 || total
-------------------------+-------+-------+-------++-------
Melee: Dagger            |    63 |    83 |     9 ||   155
Throw: Dart              |    21 |    16 |     1 ||    38
 Abil: Spit Poison       |    24 |    25 |     4 ||    53
  Use: Scroll            |     1 |     7 |     1 ||     9
       Potion            |       |     6 |     1 ||     7
 Stab: Sleeping          |     2 |     4 |       ||     6
Armor: Robe              |     9 |       |       ||     9
       Ring mail         |    27 |    75 |     4 ||   106
Dodge: Dodged            |    29 |    62 |    13 ||   104

Table legend: (Time is in decaauts)
 A = Elapsed time spent in this place.
 B = Non-inter-level travel time spent in this place.
 C = Inter-level travel time spent in this place.
 D = Time resting spent in this place.
 E = Time spent auto-exploring this place.
 F = Levels seen in this place.
 G = Mean time per level.
                   A        B        C        D        E       F      G
               +--------+--------+--------+--------+--------+-----+--------+
         Total |   4185 |   4066 |    119 |    816 |   2164 |   5 |  837.0 |
       Dungeon |   4185 |   4066 |    119 |    816 |   2164 |   5 |  837.0 |
               +--------+--------+--------+--------+--------+-----+--------+

Top non-repeatable levels by time:
     D:4: 1109 daAuts
     D:1: 1063 daAuts
     D:2: 967 daAuts
     D:3: 711 daAuts
     D:5: 333 daAuts
